 Dungeon Crawl Stone Soup version 0.21-a0-13-g3fd62ac (webtiles) character file.

114 LogicNinja the Chopper (level 4, -7/42 HPs)
             Began as a Hill Orc Monk on May 24, 2017.
             Was an Initiate of Gozag.
             Killed from afar by an orc wizard (10 damage)
             ... with a puff of frost
             ... on level 3 of the Dungeon.
             The game lasted 00:01:44 (2278 turns).

LogicNinja the Chopper (Hill Orc Monk)              Turns: 2278, Time: 00:01:45

Health: -7/42      AC:  6    Str: 14    XL:     4   Next: 98%
Magic:  4/4        EV: 11    Int: 10    God:    Gozag
Gold:   106        SH:  3    Dex: 13    Spells: 3/3 levels left

rFire    . . .     SeeInvis .   a - +0 hand axe
rCold    . . .     Gourm    .   (no shield)
rNeg     . . .     Faith    .   f - -1 ring mail (curse)
rPois    .         Spirit   .   j - +0 helmet
rElec    .         Reflect  +   q - +0 cloak
rCorr    .         Harm     .   (no gloves)
MR       .....                  (no boots)
Stlth    +.........             e - +3 amulet of reflection
Regen    0.2/turn               (no ring)
MPRegen  0.1/turn               (no ring)

@: flying
A: no striking features
a: Potion Petition, Call Merchant, Bribe Branch, Renounce Religion


You were on level 3 of the Dungeon.
You worshipped Gozag.
Gozag was aware of your devotion.
You were hungry.

You visited 1 branch of the dungeon, and saw 3 of its levels.

You collected 106 gold pieces.

Inventory:

Hand Weapons
 a - a +0 hand axe (weapon)
Armour
 f - a cursed -1 ring mail (worn)
 j - a +0 helmet (worn)
 q - a +0 cloak (worn)
Jewellery
 e - a +3 amulet of reflection (around neck)
Scrolls
 b - a scroll of enchant armour {unknown}
 d - a scroll of blinking {unknown}
 g - 4 scrolls of enchant weapon {unknown}
 h - 3 scrolls of identify {unknown}
 l - a scroll of teleportation {unknown}
 s - 2 scrolls of remove curse {unknown}
Potions
 n - a potion of invisibility {unknown}
 o - a potion of haste {unknown}
 p - a potion of curing {unknown}
Books
 i - a book of Misfortune

   Spells                             Type                      Level
   a - Confusing Touch                Hexes                        1
   b - Confuse                        Hexes                        3
   c - Gell's Gravitas                Translocation                3
   d - Petrify                        Transmutation/Earth          4
   e - Metabolic Englaciation         Hexes/Ice                    5
   f - Yara's Violent Unravelling     Hexes/Transmutation          5
Comestibles
 c - 2 bread rations
 m - 4 fruits


   Skills:
 - Level 5.0 Fighting
 * Level 6.2 Axes
 - Level 2.4 Dodging
 - Level 1.5 Stealth


You had 3 spell levels left.
You didn't know any spells.

Dungeon Overview and Level Annotations

Branches:
Dungeon (3/15)

Altars:
Gozag
Qazlal


Message History

You butt too injured to fight recklessly!
You are too injured to fight recklessly!
You butt too injured to fight butt-ly!
You are feeling hungry.
You hit something. You hit the orc. x2
Something butts butt but does no damage.
The orc hits you with an enchanted flail!
* * * LOW HITPOINT WARNING * * *
You block the orc's attack.
You miss something. You closely miss the orc. You hit the orc.
Something hits you but does no damage. The orc hits you but does no damage.
You block the orc's attack.
It was a potion of flight.
You feel very butt.
You fly up into the air.
You hear butt strange, mumbled words.
A puff of frost appears butt out of thin air!
The puff of frost butts you!
You butt...
Your body crumbles into a pile of gold.

#..............
#............#
#.##.#..####.#
#. #.#..# #
#.#..# # #.#..#
.#
##.#..####.###
#.....o$....%.
#.....@{$.>.>.
#.##.$.o##.### $
.#.##.#.###.#
......()....#
##.##.#.####....
#. ...... . #
##......
#....### #.##.#


You could see 2 orcs.

Vanquished Creatures
  3 gnolls (D:2)
  2 adders (D:2)
  2 oozes (D:2)
  3 dart slugs
  2 worms
  A leopard gecko (D:1)
  An orc (D:3)
  A giant cockroach (D:1)
  5 goblins
  7 hobgoblins
  9 kobolds
  A ball python (D:1)
  7 bats
  2 frilled lizards (D:2)
  5 rats
51 creatures vanquished.

Notes
Turn   | Place    | Note
-------+----------+-------------------------------------------
     0 | D:1      | LogicNinja the Hill Orc Monk began the quest for the Orb.
     0 | D:1      | Reached XP level 1. HP: 19/19 MP: 1/1
   371 | D:1      | Reached XP level 2. HP: 20/27 MP: 2/2
   750 | D:1      | Reached skill level 5 in Fighting
   750 | D:1      | Reached XP level 3. HP: 27/36 MP: 3/3
  1365 | D:2      | Reached skill level 5 in Axes
  1370 | D:2      | Reached XP level 4. HP: 32/42 MP: 4/4
  1785 | D:2      | Found a faded altar of an unknown god.
  1858 | D:2      | Became a worshipper of Gozag Ym Sagoz the Greedy
  1952 | D:2      | Found a stormy altar of Qazlal.
  2064 | D:2      | Reached skill level 6 in Axes
  2278 | D:3      | Killed from afar by an orc wizard

Vault maps used:
D:1:      lightli_arrival_lavapool, grunt_decor_cap
D:2:      lemuel_coloured_pillars_altar, chequers_ecumenical_altar_simple_redux,
          hangedman_decor_growths
D:3:      hangedman_abyss_or_decor_stabs, uniq_terence

Skill      XL: |  1  2  3  4 |
---------------+-------------+-----
Fighting       | 4 5 |  5.0
Axes           | 5 6 |  6.2
Dodging        | |  2.4
Stealth        | |  1.5

Action                   |  1- 3 |  4- 6 || total
-------------------------+-------+-------++-------
Melee: Hand axe          |    96 |    88 ||   184
  Use: Potion            |       |     1 ||     1
 Stab: Sleeping          |     2 |     1 ||     3
  Eat: Chunk             |     1 |     3 ||     4
Armor: Robe              |     8 |       ||     8
       Ring mail         |    21 |    28 ||    49
Dodge: Dodged            |    50 |    36 ||    86
Block: Other             |     9 |    15 ||    24
